cohdb
Replays
Latest Replays
All Replays
Popular Replays
Top Player Replays
Match Explorer
How It Works
Community
CoH3 Stats
Reddit
Sign in to upload your games and track your stats! →
Sign in with Steam
Match 40715870
Unlisted
Match 40715870
Overview
Messages
Build Orders
End
Kettenkrad Recon Vehicle
Construct Infanterie Kompanie
Grenadier Squad
Selects Mechanized Battlegroup
MG 42 Machine Gun Team
Grenadier Squad
Grenadier Squad
Construct Luftwaffe Kompanie
221 Scout Car
Selects Raid Package
Medical Bunker
Jäger Squad
Flak 30 Anti-aircraft Gun Team
Selects 8 Rad Armored Car
8 Rad Armored Car
Jäger Squad
Pioneer Squad
Selects UNKNOWN (2160084)
Construct Panzer Kompanie
Selects Spotting Scopes
Panther Heavy Tank
MG 42 Machine Gun Team
Goodvyn
Pano_ramix
0
0
Comments
sign in to comment!
No comments posted yet!